TOP OF THE 1ST |
Niagara Falls Phantoms batting - Pitching for Paris Cubs : RHP Jose Mata
|
Pitching: RHP Jose Mata
|
|
Batting: RHB Mark Stafford
|
0-0: Ball 1-0: Called Strike 1-1: Ball 2-1: Called Strike 2-2: Ball 3-2: Ground out 3-1 (Groundball, 34, EV 103.8 MPH)
|
Batting: RHB Isaias Chavez
|
0-0: Fly out, F9 (Flyball, 9LD, EV 85.0 MPH)
|
Batting: LHB Steve LeGrand
|
0-0: Swinging Strike 0-1: Foul Ball, location: 2F 0-2: Strikes out swinging
|
Top of the 1st over - 0 runs, 0 hits, 0 errors, 0 left on base; Niagara Falls 0 - Paris 0 |
BOTTOM OF THE 1ST |
Paris Cubs batting - Pitching for Niagara Falls Phantoms : RHP Alex Roman
|
Pitching: RHP Alex Roman
|
|
Batting: RHB Adrian Cox
|
0-0: Called Strike 0-1: Swinging Strike 0-2: Foul Ball, location: 2F 0-2: Ball 1-2: Ball 2-2: Strikes out swinging
|
Batting: RHB Eric Wiss
|
0-0: Ball 1-0: Single, Error in OF, E7, batter to second base (Line Drive, 7, EV 96.9 MPH)
|
Batting: RHB Roy Battist
|
0-0: Ball 1-0: Foul Ball, location: 2F 1-1: Fly out, F8 (Flyball, 8LD, EV 96.2 MPH)
|
Batting: RHB Mike Hill
|
0-0: Fly out, F9 (Flyball, 9LM, EV 86.2 MPH)
|
Bottom of the 1st over - 0 runs, 1 hit, 1 error, 1 left on base; Niagara Falls 0 - Paris 0 |
TOP OF THE 2ND |
Niagara Falls Phantoms batting - Pitching for Paris Cubs : RHP Jose Mata
|
Batting: RHB Javier Umanzor
|
0-0: Called Strike 0-1: Ball 1-1: Called Strike 1-2: Strikes out swinging
|
Batting: RHB Bryan Massey
|
0-0: Foul Ball, location: 2F 0-1: Ball 1-1: Ball 2-1: Called Strike 2-2: Ground out 2-3 (Groundball, 2R, EV 75.6 MPH)
|
Batting: LHB Alex Ramirez
|
0-0: Ball 1-0: Foul Ball, location: 2F 1-1: Reached on error, E6 (Groundball, 6, EV 79.4 MPH)
|
Batting: RHB Chris Bryant
|
0-0: Ball 1-0: Ground out 4-3 (Groundball, 4, EV 88.1 MPH)
|
Top of the 2nd over - 0 runs, 0 hits, 1 error, 1 left on base; Niagara Falls 0 - Paris 0 |
BOTTOM OF THE 2ND |
Paris Cubs batting - Pitching for Niagara Falls Phantoms : RHP Alex Roman
|
Batting: RHB Roberto Cruz
|
0-0: Called Strike 0-1: Ground out 6-3 (Groundball, 6M, EV 106.2 MPH)
|
Batting: LHB Tom Mooney
|
0-0: Foul Ball, location: 2F 0-1: SINGLE (Groundball, 34D, EV 103.8 MPH)
|
Batting: LHB Velimir Sljivancanin
|
0-0: Ball 1-0: Fielders Choice at 2nd, 3-6 (Groundball, 34S, EV 92.5 MPH)
|
Batting: RHB Ricardo Saucedo
|
0-0: Ball 1-0: Ball 2-0: Ball Wild Pitch! Velimir Sljivancanin to second 3-0: Called Strike 3-1: Fly out, F9 (Flyball, 9D, EV 80.6 MPH)
|
Bottom of the 2nd over - 0 runs, 1 hit, 0 errors, 1 left on base; Niagara Falls 0 - Paris 0 |
TOP OF THE 3RD |
Niagara Falls Phantoms batting - Pitching for Paris Cubs : RHP Jose Mata
|
Batting: RHB Frank Medrano
|
0-0: Ball 1-0: Foul Ball, location: 2F 1-1: Called Strike 1-2: Strikes out looking
|
Batting: RHB Manny de la Cruz
|
0-0: Ball 1-0: Ball 2-0: Called Strike 2-1: Ball 3-1: Foul Ball, location: 2F 3-2: Foul Ball, location: 2F 3-2: Strikes out swinging
|
Batting: RHB Mark Stafford
|
0-0: Ball 1-0: Ball 2-0: Called Strike 2-1: Fly out, F4 (Popup, 13, EV 73.1 MPH)
|
Top of the 3rd over - 0 runs, 0 hits, 0 errors, 0 left on base; Niagara Falls 0 - Paris 0 |
BOTTOM OF THE 3RD |
Paris Cubs batting - Pitching for Niagara Falls Phantoms : RHP Alex Roman
|
Batting: RHB Bogdan Sdobnyakov
|
0-0: Called Strike 0-1: Ball 1-1: Called Strike 1-2: Strikes out swinging
|
Batting: RHB Adrian Cox
|
0-0: Called Strike 0-1: Ball 1-1: Swinging Strike 1-2: Ball 2-2: Ball 3-2: Foul Ball, location: 2F 3-2: Foul Ball, location: 2F 3-2: Strikes out looking
|
Batting: RHB Eric Wiss
|
0-0: Ball 1-0: Fly out, F8 (Line Drive, 8RM, EV 86.9 MPH)
|
Bottom of the 3rd over - 0 runs, 0 hits, 0 errors, 0 left on base; Niagara Falls 0 - Paris 0 |
TOP OF THE 4TH |
Niagara Falls Phantoms batting - Pitching for Paris Cubs : RHP Jose Mata
|
Batting: RHB Isaias Chavez
|
0-0: Ball 1-0: Ball 2-0: Ground out 3-1 (Groundball, 34, EV 83.8 MPH)
|
Batting: LHB Steve LeGrand
|
0-0: Ball 1-0: Ball 2-0: Called Strike 2-1: Foul Ball, location: 2F 2-2: Ball 3-2: Base on Balls
|
Batting: RHB Javier Umanzor
|
0-0: Called Strike 0-1: Foul Ball, location: 2F 0-2: Foul Ball, location: 2F 0-2: Ball 1-2: SINGLE (Groundball, 4MD, EV 103.8 MPH) Steve LeGrand to second
|
Batting: RHB Bryan Massey
|
0-0: Swinging Strike 0-1: Ball 1-1: Called Strike 1-2: Fielders Choice at 2nd, 5-4 (Groundball, 56S, EV 83.1 MPH) Steve LeGrand to third
|
Batting: LHB Alex Ramirez
|
0-0: Fielders Choice at 2nd, U4 (Groundball, 4M, EV 82.5 MPH)
|
Top of the 4th over - 0 runs, 1 hit, 0 errors, 2 left on base; Niagara Falls 0 - Paris 0 |
BOTTOM OF THE 4TH |
Paris Cubs batting - Pitching for Niagara Falls Phantoms : RHP Alex Roman
|
Batting: RHB Roy Battist
|
0-0: Called Strike 0-1: Ball 1-1: Fly out, F8 (Flyball, 8LM, EV 81.2 MPH)
|
Batting: RHB Mike Hill
|
0-0: Ball 1-0: Ball 2-0: Ball 3-0: Base on Balls
|
Batting: RHB Roberto Cruz
|
0-0: Called Strike 0-1: Grounds into double play, 3-6-1 (Groundball, 13, EV 82.5 MPH)
|
Bottom of the 4th over - 0 runs, 0 hits, 0 errors, 0 left on base; Niagara Falls 0 - Paris 0 |
TOP OF THE 5TH |
Niagara Falls Phantoms batting - Pitching for Paris Cubs : RHP Jose Mata
|
Batting: RHB Chris Bryant
|
0-0: Called Strike 0-1: Swinging Strike 0-2: Ball 1-2: Ball 2-2: Foul Ball, location: 2F 2-2: Strikes out swinging
|
Batting: RHB Frank Medrano
|
0-0: Called Strike 0-1: Called Strike 0-2: Ball 1-2: Foul Ball, location: 2F 1-2: Ball 2-2: Ball 3-2: Foul Ball, location: 2F 3-2: Foul Ball, location: 2F 3-2: Strikes out looking
|
Batting: RHB Manny de la Cruz
|
0-0: Foul Ball, location: 2F 0-1: Called Strike 0-2: Strikes out swinging
|
Top of the 5th over - 0 runs, 0 hits, 0 errors, 0 left on base; Niagara Falls 0 - Paris 0 |
BOTTOM OF THE 5TH |
Paris Cubs batting - Pitching for Niagara Falls Phantoms : RHP Alex Roman
|
Batting: LHB Tom Mooney
|
0-0: Ball 1-0: Swinging Strike 1-1: Foul Ball, location: 2F 1-2: Strikes out swinging, 2-3 out at first.
|
Batting: LHB Velimir Sljivancanin
|
0-0: Fly out, F9 (Flyball, 9LM, EV 85.6 MPH)
|
Batting: RHB Ricardo Saucedo
|
0-0: Ball 1-0: Swinging Strike 1-1: Swinging Strike 1-2: Strikes out swinging
|
Bottom of the 5th over - 0 runs, 0 hits, 0 errors, 0 left on base; Niagara Falls 0 - Paris 0 |
TOP OF THE 6TH |
Niagara Falls Phantoms batting - Pitching for Paris Cubs : RHP Jose Mata
|
Batting: RHB Mark Stafford
|
0-0: Called Strike 0-1: Ball 1-1: Swinging Strike 1-2: Strikes out looking
|
Batting: RHB Isaias Chavez
|
0-0: SINGLE (Groundball, 56D, EV 100.6 MPH)
|
Batting: LHB Steve LeGrand
|
0-0: Ball 1-0: Fielders Choice at 2nd, 5-4 (Groundball, 56, EV 85.0 MPH)
|
Batting: RHB Javier Umanzor
|
0-0: Ball 1-0: Called Strike 1-1: Ball Wild Pitch! Steve LeGrand to second 2-1: Fly out, F8 (Flyball, 8LM, EV 86.9 MPH)
|
Top of the 6th over - 0 runs, 1 hit, 0 errors, 1 left on base; Niagara Falls 0 - Paris 0 |
BOTTOM OF THE 6TH |
Paris Cubs batting - Pitching for Niagara Falls Phantoms : RHP Alex Roman
|
Batting: RHB Bogdan Sdobnyakov
|
0-0: Fly out, F3 (Popup, 3F, EV 59.4 MPH)
|
Batting: RHB Adrian Cox
|
0-0: Ball 1-0: Foul Ball, location: 2F 1-1: Swinging Strike 1-2: Ball 2-2: Foul Ball, location: 2F 2-2: Ball 3-2: Strikes out swinging wild pitch, reaches first!
|
Batting: RHB Eric Wiss
|
0-0: Ball 1-0: Called Strike Adrian Cox steals 2nd base (no throw) 1-1: Reached on error, E4 (Groundball, 4, EV 110.6 MPH) Adrian Cox to third
|
Batting: RHB Roy Battist
|
0-0: Ball Eric Wiss steals 2nd base 1-0: Ball 2-0: Foul Ball, location: 2F 2-1: Foul Ball, location: 2F 2-2: Fly out, F8 (Flyball, 8RXD, EV 103.1 MPH) Runner from 3rd tags up, SCORES, no throw by CF Eric Wiss to third
|
Batting: RHB Mike Hill
|
0-0: Ball 1-0: 2-RUN HOME RUN (Flyball, 7LD, EV 95.0 MPH), Distance : 360 ft
|
Batting: RHB Roberto Cruz
|
0-0: Called Strike 0-1: Called Strike 0-2: Ball 1-2: Ball 2-2: Ball 3-2: Foul Ball, location: 2F 3-2: Base on Balls
|
Batting: LHB Tom Mooney
|
0-0: Ball 1-0: DOUBLE (Flyball, 7LM, EV 86.2 MPH) Roberto Cruz to third Runner from 3rd tries for Home, SAFE, no throw by LF
|
Batting: LHB Velimir Sljivancanin
|
0-0: Foul Ball, location: 2F 0-1: Ball 1-1: Swinging Strike 1-2: Strikes out looking
|
Bottom of the 6th over - 4 runs, 2 hits, 1 error, 1 left on base; Niagara Falls 0 - Paris 4 |
TOP OF THE 7TH |
Niagara Falls Phantoms batting - Pitching for Paris Cubs : RHP Jose Mata
|
Batting: RHB Bryan Massey
|
0-0: Called Strike 0-1: Ground out 6-3 (Groundball, 6M, EV 101.2 MPH)
|
Batting: LHB Alex Ramirez
|
0-0: Called Strike 0-1: Foul Ball, location: 2F 0-2: Fly out, F9 (Flyball, 9LS, EV 85.6 MPH)
|
Batting: RHB Chris Bryant
|
0-0: Called Strike 0-1: Called Strike 0-2: Ball 1-2: Ball 2-2: Ground out 5-3 (Groundball, 56S, EV 88.8 MPH)
|
Top of the 7th over - 0 runs, 0 hits, 0 errors, 0 left on base; Niagara Falls 0 - Paris 4 |
BOTTOM OF THE 7TH |
Paris Cubs batting - Pitching for Niagara Falls Phantoms : RHP Alex Roman
|
Batting: RHB Ricardo Saucedo
|
0-0: Swinging Strike 0-1: Called Strike 0-2: Strikes out swinging
|
Batting: RHB Bogdan Sdobnyakov
|
0-0: Swinging Strike 0-1: Ball 1-1: Swinging Strike 1-2: Foul Ball, location: 2F 1-2: Ground out 4-3 (Groundball, 34, EV 101.9 MPH)
|
Batting: RHB Adrian Cox
|
0-0: Ball 1-0: Ball 2-0: Swinging Strike 2-1: Ball 3-1: Called Strike 3-2: Fly out, F3 (Popup, 34, EV 60.6 MPH)
|
Bottom of the 7th over - 0 runs, 0 hits, 0 errors, 0 left on base; Niagara Falls 0 - Paris 4 |
TOP OF THE 8TH |
Niagara Falls Phantoms batting - Pitching for Paris Cubs : RHP Jose Mata
|
Batting: RHB Frank Medrano
|
0-0: Foul Ball, location: 2F 0-1: Foul Ball, location: 2F 0-2: Ground out 4-3 (Groundball, 4S, EV 56.9 MPH)
|
Batting: RHB Manny de la Cruz
|
0-0: Ball 1-0: Foul Ball, location: 2F 1-1: Swinging Strike 1-2: DOUBLE (Line Drive, 9LS, EV 103.8 MPH)
|
Batting: RHB Mark Stafford
|
0-0: Ball 1-0: SINGLE (Line Drive, 56, EV 95.0 MPH) Manny de la Cruz to third Runner from 3rd tries for Home, throw by LF and OUT! 7-2
|
Batting: RHB Isaias Chavez
|
0-0: Foul Ball, location: 2F 0-1: Ball 1-1: Foul Ball, location: 2F 1-2: Ball 2-2: Ball Wild Pitch! Mark Stafford to second 3-2: Base on Balls
|
Batting: LHB Steve LeGrand
|
0-0: Ball 1-0: Ball 2-0: Swinging Strike 2-1: Ball 3-1: Ground out 4-3 (Groundball, 4, EV 99.4 MPH)
|
Top of the 8th over - 0 runs, 2 hits, 0 errors, 2 left on base; Niagara Falls 0 - Paris 4 |
BOTTOM OF THE 8TH |
Paris Cubs batting - Pitching for Niagara Falls Phantoms : RHP Alex Roman
|
Batting: RHB Eric Wiss
|
0-0: Ball 1-0: Called Strike 1-1: Called Strike 1-2: Ground out 5-3 (Groundball, 5, EV 84.4 MPH)
|
Batting: RHB Roy Battist
|
0-0: Ball 1-0: Ball 2-0: Ball 3-0: Base on Balls
|
Batting: RHB Mike Hill
|
0-0: Ball 1-0: Swinging Strike 1-1: Ball 2-1: Foul Ball, location: 2F 2-2: Fly out, F4 (Popup, 13, EV 85.6 MPH)
|
Batting: RHB Roberto Cruz
|
0-0: Ground out U3 (Groundball, 13, EV 89.4 MPH)
|
Bottom of the 8th over - 0 runs, 0 hits, 0 errors, 1 left on base; Niagara Falls 0 - Paris 4 |
TOP OF THE 9TH |
Niagara Falls Phantoms batting - Pitching for Paris Cubs : RHP Jose Mata
|
Batting: RHB Javier Umanzor
|
0-0: Ball 1-0: Ball 2-0: Foul Ball, location: 2F 2-1: Ball 3-1: Base on Balls
|
Batting: RHB Bryan Massey
|
0-0: Ball 1-0: Swinging Strike 1-1: Foul Ball, location: 2F 1-2: Strikes out swinging
|
Batting: LHB Alex Ramirez
|
0-0: Foul Ball, location: 2F 0-1: Foul Ball, location: 2F 0-2: Strikes out swinging
|
Batting: RHB Chris Bryant
|
0-0: Ball Passed Ball! Javier Umanzor to second 1-0: Ball Passed Ball! Javier Umanzor to third 2-0: DOUBLE (Flyball, 78XD, EV 99.4 MPH) Javier Umanzor scores
|
Batting: RHB Frank Medrano
|
0-0: Ball 1-0: Called Strike 1-1: Called Strike 1-2: Ground out 3-1 (Groundball, 34, EV 101.2 MPH)
|
Top of the 9th over - 1 run, 1 hit, 0 errors, 1 left on base; Niagara Falls 1 - Paris 4 |
|